[Event "ICC tourney 1878 (15 10)"]
[Site "Internet Chess Club"]
[Date "2020.06.14"]
[Round "2"]
[White "InfernoKing"]
[Black "NyzhnykIllia"]
[Result "0-1"]
[ICCResult "White resigns"]
[WhiteElo "1419"]
[BlackElo "1547"]
[Opening "French: Burn variation"]
[ECO "C11"]
[NIC "FR.05"]
[Time "13:44:15"]
[TimeControl "900+10"]

1. e4 e6 2. d4 d5 3. Nc3 Nf6 4. Bg5 dxe4 5. Nxe4 Be7 6. Bxf6 Bxf6 7. Nf3 Bd7
8. Bd3 Bc6 9. c3 Bxe4 10. Bxe4 c6 11. O-O Nd7 12. Bc2 O-O 13. Qd3 g6 14. Nd2
Bg7 15. Nc4 b5 16. Ne3 Qc7 17. a4 a6 18. axb5 axb5 19. Qe2 Nb6 20. Be4 b4
21. Qf3 Nd5 22. Nxd5 cxd5 23. Bc2 bxc3 24. bxc3 Rxa1 25. Rxa1 Rc8 26. Ra3
Bxd4 27. cxd4 Qxc2 28. Rd3 Rc3 29. Rd2 Qxd2 {White resigns} 0-1

[Event "ICC tourney 1878 (15 10)"]
[Site "Internet Chess Club"]
[Date "2020.06.14"]
[Round "2"]
[White "Bo002"]
[Black "premierchess"]
[Result "1-0"]
[ICCResult "Black resigns"]
[WhiteElo "1931"]
[BlackElo "1444"]
[Opening "Catalan: open, classical line"]
[ECO "E05"]
[NIC "CA.05"]
[Time "13:44:24"]
[TimeControl "900+10"]

1. d4 Nf6 2. c4 e6 3. g3 d5 4. Bg2 dxc4 5. Nf3 Be7 6. O-O O-O 7. Qc2 a6 8.
Qxc4 b5 9. Qc2 Bb7 10. Bd2 Be4 11. Qc1 Nbd7 12. Ba5 Rc8 13. Nbd2 Bb7 14. Qc2
Qe8 15. b4 Nb6 16. Rac1 Bd5 17. e4 Ba8 18. Rfd1 Nc4 19. e5 Nxd2 20. Nxd2 Nd5
21. a3 Bg5 22. Rb1 Bxd2 23. Qxd2 Ne7 24. Bxa8 Rxa8 25. Bxc7 Nf5 26. Rbc1 Qd7
27. d5 Rfc8 28. d6 h5 29. Qc3 Ra7 30. Qc6 Qxc6 31. Rxc6 {Black resigns} 1-0

[Event "ICC tourney 1878 (15 10)"]
[Site "Internet Chess Club"]
[Date "2020.06.14"]
[Round "2"]
[White "sirking2800"]
[Black "Suraj240704"]
[Result "0-1"]
[ICCResult "White resigns"]
[WhiteElo "1459"]
[BlackElo "1439"]
[Opening "Sicilian: Najdorf, Opocensky variation"]
[ECO "B92"]
[NIC "SI.11"]
[Time "13:46:13"]
[TimeControl "900+10"]

1. e4 c5 2. Nf3 d6 3. d4 cxd4 4. Nxd4 Nf6 5. Nc3 a6 6. Be2 e5 7. Nb3 Be7 8.
Be3 Be6 9. O-O O-O 10. f4 exf4 11. Bxf4 Nc6 12. Qe1 Ne5 13. Qg3 Ng6 14. Be3
Rc8 15. Rad1 b5 16. e5 Nxe5 17. Bf4 Qb6+ 18. Kh1 Qb8 19. a3 Rfd8 20. Nd4 Ng6
21. Be3 d5 22. Qxb8 Rxb8 23. Nc6 Rbc8 24. Nxd8 Rxd8 25. Bb6 Rd7 26. Bf3 Ne5
27. h3 Nc4 28. b3 Nxb6 29. Ne2 Ne4 30. g4 g6 31. Kg2 Bg5 32. Nd4 Nd2 33.
Rfe1 Nxf3 34. Kxf3 Rd6 35. Kg3 Bf6 36. Kf4 Bxd4 37. Rxd4 Rc6 38. Re2 Rc3 39.
Rd3 Rc5 40. Ke5 Rc6 41. Red2 Kf8 42. Kf4 f6 43. g5 Bf5 44. Re3 Bxc2 45. gxf6
Be4 46. Kg5 Kf7 47. Kh6 Rxf6 48. Kxh7 Rf5 {White resigns} 0-1

[Event "ICC tourney 1878 (15 10)"]
[Site "Internet Chess Club"]
[Date "2020.06.14"]
[Round "2"]
[White "Sparta250"]
[Black "JohnnyHop98"]
[Result "1-0"]
[ICCResult "Black resigns"]
[WhiteElo "1751"]
[BlackElo "1589"]
[Opening "Caro-Kann: exchange variation"]
[ECO "B13"]
[NIC "CK.02"]
[Time "13:44:14"]
[TimeControl "900+10"]

1. e4 c6 2. d4 d5 3. exd5 cxd5 4. Bd3 Nc6 5. c3 Qc7 6. Ne2 Bg4 7. O-O e6 8.
Qe1 Bd6 9. f3 Bh5 10. Qh4 Bg6 11. Bxg6 fxg6 12. Re1 Nge7 13. Nf4 Bxf4 14.
Bxf4 Qd7 15. Nd2 O-O 16. Re2 Nf5 17. Qg4 Qf7 18. Be5 Rae8 19. Rae1 h6 20. f4
Nxe5 21. Rxe5 Re7 22. Nf3 Qf6 23. R5e2 Rfe8 24. Ne5 Kh7 25. Nd3 b6 26. Ne5
Rc7 27. Nf3 Rce7 28. Qh3 Kg8 29. Ne5 Rc7 30. Nd3 Rce7 31. Ne5 Rc7 32. Qd3
Nd6 33. Qxg6 Qxg6 34. Nxg6 Ne4 35. Ne5 b5 36. Nd3 a5 37. a3 Rf8 38. g3 Rf6
39. Kg2 Kf7 40. Ne5+ Kg8 41. Nd3 Kf7 42. g4 g5 43. fxg5 hxg5 44. Rxe4 dxe4
45. Rxe4 Kg7 46. Re5 {Black resigns} 1-0

[Event "ICC tourney 1878 (15 10)"]
[Site "Internet Chess Club"]
[Date "2020.06.14"]
[Round "2"]
[White "TheJoker97"]
[Black "speedskater"]
[Result "0-1"]
[ICCResult "White resigns"]
[WhiteElo "1665"]
[BlackElo "2119"]
[Opening "R?ti opening"]
[ECO "A11"]
[NIC "RE.01"]
[Time "13:44:32"]
[TimeControl "900+10"]

1. Nf3 d5 2. c4 c6 3. g3 Bg4 4. Bg2 Nf6 5. b3 e6 6. O-O Nbd7 7. Bb2 Be7 8.
d3 O-O 9. Nbd2 a5 10. a3 h6 11. Qc2 Bf5 12. Rfe1 Bh7 13. Rad1 Qb6 14. e4
dxe4 15. Nxe4 Nxe4 16. dxe4 Rfd8 17. Qc3 Bf8 18. Nd4 Nc5 19. e5 Rd7 20. Bc1
Nd3 21. Rxd3 Bxd3 22. Be3 Bc5 23. Qxd3 Bxd4 24. b4 axb4 25. axb4 Rad8 26. c5
Qxb4 {White resigns} 0-1

[Event "ICC tourney 1878 (15 10)"]
[Site "Internet Chess Club"]
[Date "2020.06.14"]
[Round "2"]
[White "shaaketh"]
[Black "jy2020"]
[Result "0-1"]
[ICCResult "White resigns"]
[WhiteElo "1393"]
[BlackElo "1548"]
[Opening "Queen's pawn: London system"]
[ECO "A45"]
[NIC "QP.07"]
[Time "13:44:33"]
[TimeControl "900+10"]

1. d4 Nf6 2. Bf4 d5 3. e3 e6 4. Nd2 c5 5. c3 Nc6 6. Ngf3 Bd6 7. Bg3 O-O 8.
Bd3 b6 9. e4 Be7 10. e5 Nh5 11. a3 a5 12. Qe2 g6 13. h4 Bd7 14. Bh2 c4 15.
Bc2 Ng7 16. g4 h5 17. Ng5 b5 18. f4 f6 19. exf6 Rxf6 20. Ndf3 Be8 21. Ne5
Nxe5 22. fxe5 Rf8 23. gxh5 Bxg5 24. hxg5 Qxg5 25. hxg6 Qh4+ 26. Kd1 Rf2 27.
Bg1 Rxe2 28. Rxh4 Rg2 29. Be3 Bxg6 30. Bxg6 Rxg6 31. Ke2 Nf5 32. Rh2 Ng3+
33. Kf3 Rf8+ 34. Bf4 Ne4 35. Rah1 Rg3+ 36. Ke2 Rxf4 37. Rh8+ Kf7 38. R1h7+
Rg7 39. Rxg7+ Kxg7 40. Re8 Kf7 41. Rb8 Rf2+ 42. Ke3 Rxb2 43. Rb7+ Kg6 44.
Rb6 Kf5 45. Rb8 Rc2 46. Rf8+ Kg6 47. Rg8+ Kf7 48. Rb8 Rxc3+ 49. Kf4 Rxa3 50.
Rb7+ Kg6 51. Rb6 Ng5 52. Rb8 Rf3+ 53. Kg4 Rf5 54. Rxb5 Nf3 55. Rxa5 Nxd4 56.
Kg3 Rxe5 57. Ra3 Kf5 58. Ra8 c3 59. Rf8+ Ke4 60. Rf1 Kd3 61. Rd1+ Kc4 62.
Kf4 c2 63. Rh1 Re4+ 64. Kg5 Nb3 65. Rh8 c1=Q+ {White resigns} 0-1

[Event "ICC tourney 1878 (15 10)"]
[Site "Internet Chess Club"]
[Date "2020.06.14"]
[Round "2"]
[White "firewoods"]
[Black "playtowin2020"]
[Result "1-0"]
[ICCResult "Black checkmated"]
[WhiteElo "1389"]
[BlackElo "1232"]
[Opening "Sicilian: accelerated fianchetto, Mar?czy bind, 6.Be3"]
[ECO "B38"]
[NIC "SI.43"]
[Time "13:44:14"]
[TimeControl "900+10"]

1. e4 c5 2. Nf3 g6 3. c4 Bg7 4. d4 cxd4 5. Nxd4 Nc6 6. Be3 Nf6 7. Nc3 O-O 8.
Be2 d6 9. O-O Bd7 10. Nc2 Rc8 11. Qd2 a6 12. f4 Ng4 13. Bxg4 Bxg4 14. f5
gxf5 15. exf5 f6 16. Rf4 Bh5 17. Rh4 Be8 18. Nd5 Ne5 19. Nb6 Rc6 20. Nd4 Bd7
21. Nxc6 Bxc6 22. Nd5 Kh8 23. b3 Rg8 24. Nf4 Bh6 25. Ng6+ hxg6 26. Bxh6 g5
27. Bf8+ gxh4 28. Qh6# {Black checkmated} 1-0

[Event "ICC tourney 1878 (15 10)"]
[Site "Internet Chess Club"]
[Date "2020.06.14"]
[Round "2"]
[White "GutsyEdge"]
[Black "piplup0621"]
[Result "0-1"]
[ICCResult "White resigns"]
[WhiteElo "1325"]
[BlackElo "1420"]
[Opening "Gr?nfeld: Stockholm variation"]
[ECO "D80"]
[NIC "GI.03"]
[Time "13:44:34"]
[TimeControl "900+10"]

1. d4 Nf6 2. c4 g6 3. Nc3 d5 4. Bg5 Ne4 5. Bh4 Nxc3 6. bxc3 Bg7 7. e3 c5 8.
cxd5 Qxd5 9. Nf3 Nc6 10. Be2 O-O 11. O-O Bf5 12. Nd2 e5 13. e4 Bxe4 14. Bc4
Qd7 15. Nxe4 cxd4 16. Qf3 Qf5 17. Qxf5 gxf5 18. Nd6 dxc3 19. Nxf5 Nd4 20.
Nxg7 Kxg7 21. Rac1 Rac8 22. Bb3 Ne2+ 23. Kh1 Nxc1 24. Rxc1 f6 25. h3 Rfd8
26. f3 b5 27. Bf2 a6 28. Kh2 b4 29. Bb6 Rd2 30. Ba5 Rb8 31. Bc4 Rd4 32. Bb3
Rb5 33. Bc7 Rd7 34. Ba4 Rxc7 35. Bxb5 axb5 36. Kg3 Ra7 37. Rc2 Rxa2 38. Rxa2
b3 {White resigns} 0-1

[Event "ICC tourney 1878 (15 10)"]
[Site "Internet Chess Club"]
[Date "2020.06.14"]
[Round "2"]
[White "blueeagle405"]
[Black "DanLapan"]
[Result "1-0"]
[ICCResult "Black resigns"]
[WhiteElo "1372"]
[BlackElo "1209"]
[Opening "Queen's gambit accepted"]
[ECO "D20"]
[NIC "QG.03"]
[Time "13:44:31"]
[TimeControl "900+10"]

1. d4 d5 2. c4 dxc4 3. e3 Nf6 4. Bxc4 e6 5. Nc3 a6 6. Nf3 c5 7. O-O b5 8.
Bd3 Bb7 9. a3 Nbd7 10. Qe2 Bd6 11. Rd1 Qc7 12. h3 O-O 13. Bd2 Rac8 14. Rac1
Qb8 15. e4 cxd4 16. Nxd4 Bh2+ 17. Kh1 Bf4 18. Bb1 Bxd2 19. Qxd2 Rfd8 20. f4
e5 21. Nf5 Nc5 22. Qf2 Ncxe4 23. Bxe4 Nxe4 24. Nxe4 Rxc1 25. Nf6+ Kh8 26.
Rxc1 gxf6 27. Qh4 Rd6 28. Qg3 Bxg2+ 29. Qxg2 {Black resigns} 1-0

[Event "ICC tourney 1878 (15 10)"]
[Site "Internet Chess Club"]
[Date "2020.06.14"]
[Round "2"]
[White "dopolian"]
[Black "Arsalchess"]
[Result "1-0"]
[ICCResult "Black resigns"]
[WhiteElo "1551"]
[BlackElo "1524"]
[Opening "Ruy Lopez: closed, anti-Marshall 8.a4"]
[ECO "C88"]
[NIC "RL.18"]
[Time "13:44:13"]
[TimeControl "900+10"]

1. e4 e5 2. Nf3 Nc6 3. Bb5 a6 4. Ba4 Nf6 5. O-O Be7 6. Re1 b5 7. Bb3 O-O 8.
a4 b4 9. d3 d6 10. Nbd2 a5 11. h3 Re8 12. Nf1 h6 13. g4 Nh7 14. Ng3 Ng5 15.
Kg2 Ne6 16. Be3 Bg5 17. Qd2 Ncd4 18. Nxd4 exd4 19. Bxg5 Qxg5 20. Qxg5 hxg5
21. Ne2 c5 22. Rf1 Nf4+ 23. Nxf4 gxf4 24. Kf3 g5 25. h4 gxh4 26. Rh1 Be6 27.
Rxh4 Bxb3 28. cxb3 Re6 29. Rah1 Kg7 30. Rh7+ Kf6 31. R1h6+ Ke7 32. Rxe6+
Kxe6 33. Kxf4 Kf6 34. Rh6+ Kg7 35. g5 Rd8 36. f3 Rd7 37. Kf5 d5 38. Rc6 c4
39. bxc4 dxe4 40. fxe4 {Black resigns} 1-0

[Event "ICC tourney 1878 (15 10)"]
[Site "Internet Chess Club"]
[Date "2020.06.14"]
[Round "2"]
[White "fishbein"]
[Black "Atharva10"]
[Result "1-0"]
[ICCResult "Black checkmated"]
[WhiteElo "1613"]
[BlackElo "1598"]
[Opening "Ruy Lopez: 5.O-O"]
[ECO "C78"]
[NIC "RL.12"]
[Time "13:44:21"]
[TimeControl "900+10"]

1. e4 e5 2. Nf3 Nc6 3. Bb5 a6 4. Ba4 Nf6 5. O-O b5 6. Bb3 Be7 7. d4 d6 8. c3
O-O 9. h3 Bb7 10. Nbd2 Re8 11. d5 Na5 12. Bc2 c6 13. b4 Nc4 14. Nxc4 bxc4
15. dxc6 Bxc6 16. Qe2 d5 17. Nxe5 Bb7 18. Rd1 Bd6 19. Ng4 Nxe4 20. Qf3 h5
21. Ne3 Qf6 22. Qxf6 Nxf6 23. Nf5 Be5 24. Nd4 Ne4 25. Bxe4 dxe4 26. Be3 Rad8
27. a4 Bxd4 28. Rxd4 Rxd4 29. Bxd4 Bc6 30. Kf1 f5 31. g3 Kf7 32. h4 Ke6 33.
Bxg7 f4 34. gxf4 Kf5 35. Ke2 Kxf4 36. b5 axb5 37. a5 Rg8 38. Rg1 Ra8 39. Rg5
Re8 40. Bd4 e3 41. Bxe3+ Ke4 42. f3# {Black checkmated} 1-0

[Event "ICC tourney 1878 (15 10)"]
[Site "Internet Chess Club"]
[Date "2020.06.14"]
[Round "2"]
[White "playerlucky"]
[Black "Feugon"]
[Result "1-0"]
[ICCResult "Black resigns"]
[WhiteElo "1381"]
[BlackElo "1253"]
[Opening "Dutch"]
[ECO "A80"]
[NIC "HD.12"]
[Time "13:44:21"]
[TimeControl "900+10"]

1. d4 f5 2. Nf3 Nf6 3. Bf4 g6 4. e3 Bg7 5. Bd3 d6 6. Nbd2 O-O 7. h3 c6 8. c4
Qe8 9. Qb3 Kh8 10. O-O-O Nh5 11. Bh2 Na6 12. Rdg1 f4 13. g4 fxg3 14. fxg3
Bh6 15. Be2 Bg7 16. g4 Nf6 17. a3 c5 18. d5 Rb8 19. e4 e5 20. dxe6 Qxe6 21.
Qd3 Ne8 22. h4 b5 23. Ng5 Qf6 24. e5 dxe5 25. cxb5 e4 26. Qb3 Bd7 27. Bxb8
Nxb8 28. Rf1 Qe7 29. Rxf8+ Qxf8 30. Rf1 Nf6 31. Ndxe4 h6 32. Nf7+ Kg8 33.
Nxh6+ Kh7 34. Nxf6+ Bxf6 35. Qf7+ Qxf7 36. Nxf7 Bxh4 37. Rh1 Kg7 38. Rxh4
Kxf7 39. Rh7+ Kf6 40. Rh8 {Black resigns} 1-0

[Event "ICC tourney 1878 (15 10)"]
[Site "Internet Chess Club"]
[Date "2020.06.14"]
[Round "2"]
[White "gmRohde"]
[Black "vikram251107"]
[Result "1-0"]
[ICCResult "Black resigns"]
[WhiteElo "1483"]
[BlackElo "1317"]
[Opening "King's Indian: orthodox, 7...Nbd7, 8.Re1"]
[ECO "E95"]
[NIC "KI.11"]
[Time "13:44:15"]
[TimeControl "900+10"]

1. Nf3 Nf6 2. c4 g6 3. Nc3 Bg7 4. e4 d6 5. d4 O-O 6. Be2 Nbd7 7. O-O e5 8.
Re1 exd4 9. Nxd4 Nc5 10. Bf3 a5 11. Ndb5 Be6 12. b3 Ne8 13. Be3 c6 14. Nd4
Nc7 15. Rc1 f5 16. exf5 Bxf5 17. Nxf5 Rxf5 18. Ne4 Be5 19. Nxc5 dxc5 20. Bg4
Rf7 21. Bxc5 Qg5 22. Bb6 Rd8 23. Qe2 Bf4 24. Bxc7 Rxc7 25. Rcd1 Rf8 26. g3
h5 27. Be6+ Kh7 28. Kh1 Rg7 29. gxf4 Rxf4 30. f3 Qf6 31. Qe5 Rxf3 32. Qxf6
Rxf6 33. Kg2 Kh6 34. Re5 Re7 35. Rde1 Re8 36. R1e2 b6 37. Bh3 Rxe5 38. Rxe5
Rd6 39. Re2 c5 40. Be6 Kg7 41. Bd5 Kf6 42. a4 Kf5 43. Re7 Kf6 44. Re8 Kf5
45. Kf3 g5 46. Rf8+ Kg6 47. Ke4 h4 48. Ke5 Rd7 49. Rf6+ Kh5 50. h3 g4 51.
Rf5+ Kg6 52. hxg4 Re7+ 53. Be6 h3 54. Rh5 Rh7 55. Bf5+ {Black resigns} 1-0

[Event "ICC tourney 1878 (15 10)"]
[Site "Internet Chess Club"]
[Date "2020.06.14"]
[Round "2"]
[White "Tacticsguy52"]
[Black "BigPapa"]
[Result "0-1"]
[ICCResult "White resigns"]
[WhiteElo "1309"]
[BlackElo "1463"]
[Opening "Sicilian: Sozin, not Scheveningen"]
[ECO "B57"]
[NIC "SI.25"]
[Time "13:50:16"]
[TimeControl "900+10"]

1. e4 c5 2. Nf3 d6 3. d4 cxd4 4. Nxd4 Nf6 5. Nc3 Nc6 6. Bc4 Na5 7. Bb5+ Bd7
8. Bxd7+ Nxd7 9. O-O g6 10. Qe2 a6 11. a4 Rc8 12. Nb3 Nxb3 13. cxb3 Bg7 14.
Bd2 O-O 15. Rad1 Re8 16. Kh1 Qb6 17. Nd5 Qxb3 18. Bg5 Nf6 19. Nxf6+ exf6 20.
Be3 Rxe4 21. Rxd6 f5 22. Rfd1 Ree8 23. Qf3 Qxb2 24. Rb6 Qa3 25. Rxb7 Qxa4
26. Qd5 Qc4 27. Qd7 Qe6 28. Qxe6 Rxe6 29. g3 Ra8 30. Rdd7 a5 31. Rxf7 Bh8
32. Rxh7 a4 33. Ra7 Ra6 34. Rxa8+ Rxa8 35. Rd7 a3 36. Rd6 a2 37. Rxg6+ Kf7
{White resigns}
0-1

[Event "ICC tourney 1878 (15 10)"]
[Site "Internet Chess Club"]
[Date "2020.06.14"]
[Round "2"]
[White "woodychess"]
[Black "hilariouspanda"]
[Result "1/2-1/2"]
[ICCResult "Game drawn by repetition"]
[WhiteElo "1410"]
[BlackElo "1431"]
[Opening "Benoni defense"]
[ECO "A61"]
[NIC "BI.38"]
[Time "13:44:51"]
[TimeControl "900+10"]

1. d4 Nf6 2. c4 c5 3. d5 e6 4. Nc3 exd5 5. cxd5 d6 6. Nf3 g6 7. Bf4 Bg7 8.
e3 a6 9. a4 O-O 10. Be2 Bg4 11. Nd2 Bxe2 12. Qxe2 Nh5 13. Bg3 Nxg3 14. hxg3
Qa5 15. O-O Bxc3 16. Nc4 Qc7 17. bxc3 Nd7 18. a5 Rfb8 19. Rfb1 b5 20. axb6
Nxb6 21. e4 Nxc4 22. Qxc4 Rb6 23. Kh2 a5 24. Qa4 Kf8 25. Rb5 Rxb5 26. Qxb5
Ra7 27. f4 h5 28. c4 Qd8 29. e5 h4 30. Kh3 g5 31. f5 Kg7 32. f6+ Kh6 33.
gxh4 gxh4 34. Rf1 Qg8 35. Qb3 Rb7 36. Qe3+ Qg5 37. Qxg5+ Kxg5 38. e6 Rb8 39.
Re1 Kxf6 40. Kxh4 fxe6 41. Rxe6+ Kf5 42. Rxd6 Ra8 43. g4+ Kf4 44. Rf6+ Ke5
45. Rf5+ Kd6 46. g5 a4 47. g6 a3 48. Rf1 a2 49. Ra1 Ke5 50. Kg5 Ra3 51. Re1+
Kd6 52. Ra1 Ke5 53. d6 Kxd6 54. Kf6 Rf3+ 55. Kg7 Ra3 56. Kg8 Ke6 57. g7 Kf6
58. Rf1+ Kg6 59. Rg1+ Kf6 60. Rf1+ Ke7 61. Re1+ Kf6 62. Rf1+
{Game drawn by repetition}
1/2-1/2

[Event "ICC tourney 1878 (15 10)"]
[Site "Internet Chess Club"]
[Date "2020.06.14"]
[Round "2"]
[White "mzninja66"]
[Black "Adhvaith0406"]
[Result "1-0"]
[ICCResult "Black resigns"]
[WhiteElo "1443"]
[BlackElo "1344"]
[Opening "Sicilian: Najdorf, Opocensky variation"]
[ECO "B92"]
[NIC "SI.11"]
[Time "13:45:46"]
[TimeControl "900+10"]

1. e4 c5 2. Nf3 d6 3. d4 cxd4 4. Nxd4 Nf6 5. Nc3 a6 6. Be2 e5 7. Nb3 Be7 8.
Bg5 Be6 9. Bxf6 Bxf6 10. Qd3 O-O 11. O-O-O Be7 12. Nd5 Bxd5 13. Qxd5 Qc7 14.
Kb1 Nc6 15. c3 Rfd8 16. Na1 b5 17. Nc2 Rab8 18. h4 b4 19. Rh3 Qb6 20. cxb4
Nxb4 21. Nxb4 Qxb4 22. Rb3 Qc5 23. Qxc5 dxc5 24. Rxb8 Rxb8 25. g3 Rd8 26.
Rxd8+ Bxd8 27. Bxa6 Ba5 28. a4 Be1 29. Bc4 Kf8 30. h5 Ke7 31. g4 f6 32. f3
Kd6 33. Kc2 h6 34. Kd3 Kc6 35. Bb5+ Kb6 36. Kc4 Bf2 37. Kd5 Ka5 38. b3 Kb4
39. Bc4 Be3 40. Ke6 Ka5 41. Kf7 Bf4 42. Kxg7 Bg5 43. Kg6 Kb4 44. Kf5 Ka5 45.
Ke6 Bh4 46. Kd5 Bf2 47. g5 fxg5 48. Kxe5 Bg3+ 49. Kf6 Kb4 50. Kg7 Bf4 51.
Kg6 Kc3 52. a5 Kd4 53. a6 Bb8 54. Kxh6 Ke3 55. Kxg5 Kxf3 56. h6 Kxe4 57. h7
{Black resigns}
1-0

[Event "ICC tourney 1878 (15 10)"]
[Site "Internet Chess Club"]
[Date "2020.06.14"]
[Round "2"]
[White "nicochasin"]
[Black "cloak1"]
[Result "1-0"]
[ICCResult "Black checkmated"]
[WhiteElo "1605"]
[BlackElo "1569"]
[Opening "QGD: 4.Nf3"]
[ECO "D37"]
[NIC "QI.01"]
[Time "13:44:24"]
[TimeControl "900+10"]

1. d4 Nf6 2. c4 e6 3. Nf3 d5 4. Nc3 dxc4 5. e4 Bb4 6. Qc2 b5 7. Bd2 a6 8. a4
c6 9. e5 Bxc3 10. bxc3 Nd5 11. g3 O-O 12. Ng5 g6 13. h4 f6 14. Ne4 fxe5 15.
dxe5 Nd7 16. f4 Rf5 17. Bh3 Qf8 18. Bxf5 exf5 19. Nd6 Nc5 20. h5 Nd3+ 21.
Ke2 Be6 22. hxg6 hxg6 23. Rh4 Nf6 24. Rah1 Nh5 25. Rxh5 gxh5 26. Rxh5 Ra7
27. Qd1 Rh7 28. Qh1 Qg7 29. Rxh7 Qxh7 30. Qxc6 Qh5+ 31. Ke3 Qg6 32. Qa8+ Kh7
33. Qh1+ Kg8 34. Qh4 bxa4 35. Qd8+ Kh7 36. Qe7+ Kh6 37. Qh4+ Qh5 38. Qf6+
Qg6 39. Qh8+ Qh7 40. Qd8 Qa7+ 41. Ke2 Qf2+ 42. Kd1 Qf3+ 43. Kc2 Qg4 44. Qh8+
Kg6 45. Qf6+ Kh5 46. Qxe6 a3 47. Nxf5 Qe2 48. Ng7# {Black checkmated} 1-0

[Event "ICC tourney 1878 (15 10)"]
[Site "Internet Chess Club"]
[Date "2020.06.14"]
[Round "2"]
[White "jackhearts"]
[Black "davika21"]
[Result "1-0"]
[ICCResult "Black checkmated"]
[WhiteElo "1731"]
[BlackElo "1475"]
[Opening "Scotch gambit: Dubois-R?ti defense"]
[ECO "C55"]
[NIC "KP.02"]
[Time "13:45:17"]
[TimeControl "900+10"]

1. e4 e5 2. Nf3 Nc6 3. d4 exd4 4. Bc4 Nf6 5. e5 d5 6. Bb5 Ne4 7. Nxd4 Bd7 8.
Bxc6 bxc6 9. O-O Bc5 10. f3 Ng5 11. f4 Ne4 12. Be3 Qe7 13. Nd2 Nxd2 14. Qxd2
O-O 15. Nb3 Bb6 16. Qc3 f6 17. Nc5 fxe5 18. fxe5 Rae8 19. Bd4 h6 20. b4 Rf5
21. Rxf5 Bxf5 22. Rf1 Rf8 23. a4 Bg6 24. Rxf8+ Qxf8 25. e6 Qe7 26. Qe3 Bf5
27. a5 Bxc5 28. Bxc5 Qxe6 29. Qxe6+ Bxe6 30. Bxa7 Bc8 31. Bb8 Kf7 32. Bxc7
Ke7 33. Bb6 Ba6 34. Kf2 Kd7 35. Ke3 Kc8 36. Kf4 Bf1 37. g3 g6 38. Ke5 Bh3
39. a6 Bf1 40. a7 Kb7 41. Kf6 h5 42. Kxg6 Be2 43. Kg5 Bd1 44. c3 Bg4 45. Bc5
Bf3 46. h3 Be2 47. g4 hxg4 48. hxg4 Ka8 49. Kf5 Bd3+ 50. Kf6 Be2 51. g5 Bd3
52. g6 d4 53. Bxd4 Bc4 54. g7 Bg8 55. Ke7 c5 56. Bxc5 Bd5 57. Kf8 Be6 58.
g8=Q Bxg8 59. Kxg8 Kb7 60. b5 Ka8 61. b6 Kb7 62. Kf7 Ka8 63. Bd4 Kb7 64. Ke7
Ka8 65. Kd6 Kb7 66. c4 Ka8 67. c5 Kb7 68. c6+ Ka8 69. b7# {Black checkmated}
1-0

[Event "ICC tourney 1878 (15 10)"]
[Site "Internet Chess Club"]
[Date "2020.06.14"]
[Round "2"]
[White "MasterZachary"]
[Black "pranav2007"]
[Result "0-1"]
[ICCResult "White resigns"]
[WhiteElo "2164"]
[BlackElo "1700"]
[Opening "Petrov: Nimzovich attack"]
[ECO "C42"]
[NIC "RG.03"]
[Time "13:44:09"]
[TimeControl "900+10"]

1. e4 e5 2. Nf3 Nf6 3. Nxe5 d6 4. Nf3 Nxe4 5. Nc3 Nxc3 6. dxc3 Be7 7. Bf4
O-O 8. Qd2 Nc6 9. O-O-O Bf5 10. Bd3 Qd7 11. Ng5 Bxd3 12. Qxd3 Bxg5 13. Bxg5
Rfe8 14. Rhe1 Qg4 15. Qg3 Qxg3 16. hxg3 f6 17. Bf4 Kf7 18. c4 Rxe1 19. Rxe1
Re8 20. Rxe8 Kxe8 21. c5 dxc5 22. Bxc7 Kd7 23. Bf4 b5 24. Kd2 Ke6 25. f3 h5
26. c3 Kd5 27. Kd3 Ne5+ 28. Kc2 g5 29. Be3 a5 30. b3 g4 31. f4 Nc6 32. Kd3
c4+ 33. bxc4+ bxc4+ 34. Ke2 a4 35. Bc1 Ke4 36. Ba3 Nb8 37. Bc5 Nd7 38. Bd4
f5 39. Bg7 Nc5 40. Bh8 Ne6 41. Bf6 Nc7 42. Be5 Nd5 43. Bg7 h4 44. gxh4 Nxf4+
45. Kf2 Nh5 46. Bd4 g3+ 47. Ke2 Nf4+ 48. Kf1 Kd3 49. Be5 Nh5 50. Ke1 f4 51.
Kd1 Ke4 52. Bc7 Nf6 53. Ke2 Nd5 54. h5 Nxc3+ 55. Ke1 Nd5 56. Bd8 c3 57. h6
Kd3 58. Ba5 f3 59. Kf1 c2 60. h7 c1=Q+ {White resigns} 0-1

[Event "ICC tourney 1878 (15 10)"]
[Site "Internet Chess Club"]
[Date "2020.06.14"]
[Round "2"]
[White "musk6868"]
[Black "kapilank"]
[Result "1-0"]
[ICCResult "Black resigns"]
[WhiteElo "1897"]
[BlackElo "1432"]
[Opening "Sicilian: Alapin's variation (2.c3)"]
[ECO "B22"]
[NIC "SI.46"]
[Time "13:44:27"]
[TimeControl "900+10"]

1. e4 c5 2. c3 Nf6 3. e5 Nd5 4. Bc4 Nb6 5. Bb3 d6 6. d4 dxe5 7. dxe5 Qxd1+
8. Bxd1 Nc6 9. Nf3 g6 10. O-O Bg7 11. Re1 Bg4 12. h3 Bxf3 13. Bxf3 O-O-O 14.
Bxc6 bxc6 15. Nd2 Rd5 16. Nf3 Nc4 17. e6 f6 18. Bf4 Rhd8 19. b3 Nb2 20. c4
Rf5 21. Be3 Rd6 22. Re2 Nd3 23. Rd2 Ne5 24. Nh4 Rh5 25. Rxd6 exd6 26. Rd1
Rxh4 27. f4 Rxf4 28. Bxf4 Bf8 29. Bxe5 fxe5 30. Rf1 Be7 31. Rf7 Kd8 32. Rxh7
d5 33. Rh8+ Kc7 34. Ra8 Kd6 35. Rg8 g5 36. Ra8 Kxe6 37. Rxa7 d4 38. Rc7 Kd6
39. Rc8 e4 40. Kf2 Kd7 41. Rg8 Ke6 42. Rg6+ Bf6 43. a4 Kf7 44. Rxf6+ Kxf6
45. a5 Kf5 46. a6 e3+ 47. Kf3 e2 48. Kxe2 Ke4 49. a7 d3+ 50. Kd2 {Black
resigns} 1-0

[Event "ICC tourney 1878 (15 10)"]
[Site "Internet Chess Club"]
[Date "2020.06.14"]
[Round "2"]
[White "YKQ"]
[Black "kptl132"]
[Result "1/2-1/2"]
[ICCResult "Game drawn because neither player has mating material"]
[WhiteElo "1615"]
[BlackElo "1381"]
[Opening "English opening"]
[ECO "A30"]
[NIC "EO.64"]
[Time "13:44:22"]
[TimeControl "900+10"]

1. c4 Nf6 2. Nf3 c5 3. Nc3 g6 4. d4 cxd4 5. Nxd4 Bg7 6. e4 d6 7. Be2 Nc6 8.
Be3 O-O 9. O-O Bd7 10. Qd2 a6 11. f3 Rc8 12. Rac1 Ne5 13. b3 Re8 14. Kh1 Rc5
15. Rc2 Qb8 16. a4 Rec8 17. Rfc1 R5c7 18. a5 Nc6 19. Nd5 Nxd4 20. Bxd4 Nxd5
21. exd5 Bf5 22. Rc3 Re8 23. Bxg7 Kxg7 24. Qd4+ Kg8 25. Qb6 h5 26. b4 Qc8
27. Bf1 e6 28. Qd4 exd5 29. Qxd5 Rc6 30. Kg1 Re5 31. Qd4 Qe6 32. Kf2 Rc7 33.
Rd1 Re7 34. Qxd6 Re2+ 35. Kg1 Qxd6 36. Rxd6 Rb2 37. Rc1 Rxb4 38. Ra1 Be6 39.
Rb6 Rxb6 40. axb6 Kg7 41. c5 Bd5 42. Kf2 Kf6 43. Rd1 Bc6 44. Rd6+ Re6 45.
Bc4 Rxd6 46. cxd6 g5 47. Ke3 Ke5 48. d7 Bxd7 49. Bxa6 Bc6 50. Bc4 f6 51. g3
h4 52. f4+ Kf5 53. Be2 hxg3 54. hxg3 gxf4+ 55. gxf4 Ke6 56. Kd4 Kf5 57. Ke3
Ke6 58. Bc4+ Bd5 59. Bb5 Kd6 60. Kd4 Bc6 61. Bd3 Bf3 62. Bb5 Bg2 63. Ba4 Bf3
64. Be8 Bg2 65. Bb5 Bf3 66. Ke3 Bc6 67. Bxc6 Kxc6 68. Ke4 Kxb6 69. Kf5 Kc6
70. Kxf6 b5 71. Ke5 b4 72. Kd4 Kd6 73. Kc4 Ke6 74. Kxb4 Kf5 75. Kc4 Kxf4
{Game drawn because neither player has mating material}
1/2-1/2